 Dungeon Crawl Stone Soup version 0.17.1-3-g152610e (webtiles) character file.

72 Urist the Conjurer (level 4, -17/27 HPs)
             Began as a High Elf Conjurer on Apr 8, 2016.
             Killed from afar by a gnoll (34 damage)
             ... with an exploding inner flame
             ... hexed by the player character
             ... on level 2 of the Dungeon.
             The game lasted 00:07:22 (1944 turns).

Urist the Conjurer (High Elf Conjurer)              Turns: 1944, Time: 00:07:22

Health: -17/27     AC:  2    Str:  7    XL:     4   Next: 6%
Magic:  6/9        EV: 13    Int: 20    God:
Gold:   58         SH:  0    Dex: 15    Spells: 3 memorised, 2 levels left

rFire  . . .     SeeInvis .     e - +1 dagger
rCold  + . .     Clarity  .     a - +0 robe
rNeg   . . .     SustAt   .     (no shield)
rPois  .         Gourm    .     (no helmet)
rElec  .         Spirit   .     (no cloak)
rCorr  .         Warding  .     (no gloves)
rMut   .         Stasis   .     (no boots)
MR     .....                    (no amulet)
Stlth  ++........               (no ring)
                                f - ring of protection from cold

@: lethally poisoned (-17 -> -24), not resistant to hostile enchantments,
unstealthy
A: no striking features
a: no special abilities


You were on level 2 of the Dungeon.
You were not hungry.

You visited 1 branch of the dungeon, and saw 2 of its levels.

You collected 58 gold pieces.

Inventory:

Hand Weapons
 e - a +1 dagger (weapon)
Armour
 a - a +0 robe (worn)
Jewellery
 f - a ring of protection from cold (left hand)
Scrolls
 d - a scroll of amnesia
 h - 2 scrolls of remove curse
Potions
 i - 2 potions of heal wounds
 j - a potion of might
Books
 b - a book of Conjurations

   Spells                             Type                      Level
   a - Magic Dart                     Conjuration                  1
   b - Searing Ray                    Conjuration                  2
   c - Dazzling Spray                 Conjuration/Hexes            3
   d - Fulminant Prism                Conjuration/Hexes            4
   e - Iskenderun's Mystic Blast      Conjuration                  4
   f - Iskenderun's Battlesphere      Conjuration/Charms           5
Comestibles
 c - a bread ration
 g - 2 meat rations


   Skills:
 + Level 0.4 Fighting
 + Level 2.9 Dodging
 + Level 2.7 Stealth
 + Level 2.9 Spellcasting
 + Level 5.2 Conjurations


You had 2 spell levels left.
You knew the following spells:

 Your Spells              Type           Power        Failure   Level  Hunger
a - Magic Dart            Conj           ###.         1%          1    None
b - Searing Ray           Conj           ###...       2%          2    ##.....
c - Dazzling Spray        Conj/Hex       ##......     17%         3    ###....


Dungeon Overview and Level Annotations

Branches:
Dungeon (2/15)

Altars:


Message History

Aim: a gnoll, wielding a club (inner flame)
The magic dart hits the gnoll.
The gnoll is lightly wounded.
The adder bites you.
Casting: Magic Dart
Confirm with . or Enter, or press ? or * to list all spells.
Aiming: Searing Ray
Press: ? - help, Shift-Dir - straight line, f/p - gnoll
Aim: a gnoll, wielding a club (lightly wounded, inner flame)
The searing ray hits the gnoll.
The gnoll is moderately wounded.
You feel sick. The adder barely misses you. The adder barely misses you.
The searing ray hits the gnoll.
The gnoll is severely wounded.
The gnoll barely misses you. The adder bites you.
The searing ray hits the gnoll.
The gnoll explodes!
The fiery explosion engulfs you!
Ouch! That really hurt!
You die...

.... .... ... # #..
## #.##########
.#######.#.....S@§#
†......#.#.######§#
#........# #g#
##.....#.# #.#
.#...###.# #.#
.#.#####.# #.# ...#
#..# #.# # #.#####..#
#.#.#
#........########.#.#


You could see a gnoll and an adder (inner flame).

Vanquished Creatures
  2 gnolls (D:2)
  An adder (D:2)
  2 worms (D:2)
  A giant gecko (D:1)
  A ball python (D:1)
  5 bats
  7 goblins
  8 hobgoblins
  6 kobolds
  A giant newt (D:1)
34 creatures vanquished.

Notes
Turn   | Place    | Note
--------------------------------------------------------------
     0 | D:1      | Urist the High Elf Conjurer began the quest for the Orb.
     0 | D:1      | Reached XP level 1. HP: 11/11 MP: 4/4
   378 | D:1      | Reached XP level 2. HP: 17/17 MP: 3/6
  1368 | D:1      | Reached skill level 5 in Conjurations
  1372 | D:1      | Reached XP level 3. HP: 21/21 MP: 2/8
  1496 | D:2      | Learned a level 2 spell: Searing Ray
  1500 | D:2      | Learned a level 3 spell: Dazzling Spray
  1925 | D:2      | Reached XP level 4. HP: 27/27 MP: 0/9
  1944 | D:2      | Killed from afar by a gnoll

Action                   |  1- 3 |  4- 6 || total
-------------------------+-------+-------++-------
Melee: Dagger            |    26 |     7 ||    33
       Unarmed           |     2 |       ||     2
 Cast: Magic Dart        |    82 |     3 ||    85
       Dazzling Spray    |     3 |       ||     3
       Searing Ray       |       |     1 ||     1
  Use: Scroll            |     8 |       ||     8
       Potion            |     2 |     1 ||     3
  Eat: Chunk             |     2 |       ||     2
       Bread ration      |     1 |       ||     1
